 Dungeon Crawl Stone Soup version 0.31-a0-236-g9a0961fb85 (webtiles) character file.

Game seed: 15209543434679386745

72 qw the Shooter (level 4, -1/26 HPs)
             Began as a Gargoyle Hexslinger on July 10, 2023.
             Slain by an orc
             ... wielding a +0 hand axe
              (3 damage)
             ... on level 2 of the Dungeon.
             The game lasted 00:00:31 (1344 turns).

qw the Shooter (Gargoyle Hexslinger)                Turns: 1344, Time: 00:00:32

Health: -1/26      AC:  5    Str: 12    XL:     4   Next: 26%
Magic:  5/5        EV: 12    Int: 13    God:
Gold:   77         SH:  0    Dex: 14    Spells: 4/5 levels left

rFire   . . .        Y - +1 sling
rCold   . . .        (no shield)
rNeg    + . .        c - +0 robe
rPois   inf          (no helmet)
rElec   +            (no cloak)
rCorr   .            (no gloves)
SInv    .            (no boots)
Will    .....        (no amulet)
Stlth   +            (no ring)
HPRegen 0.24/turn    (no ring)
MPRegen 0.09/turn

%: no passive effects
@: no status effects
A: sickness immunity, AC +3, negative energy resistance 1, electricity
resistance, torment resistance 1, petrification resistance
a: no special abilities


You were on level 2 of the Dungeon.
You visited 1 branch of the dungeon, and saw 3 of its levels.

You collected 77 gold pieces.


Innate Abilities, Weirdness & Mutations

You are immune to sickness and miasma.
Your stone body is resilient. (AC +3)
You are immune to poison.
You resist negative energy. (rN+)
You are resistant to electric shocks. (rElec)
You are resistant to unholy torment.
You are immune to petrification.


   Skills:
 - Level 2.0 Fighting
 + Level 4.1 Ranged Weapons
 - Level 1.5 Dodging
 - Level 1.0 Spellcasting
 - Level 2.6 Hexes


You had 4 spell levels left.
You knew the following spells:

 Your Spells              Type           Power      Damage    Failure   Level
a - Slow                  Hex            28%        N/A       10%         1

Your spell library contained the following spells:

 Spells                   Type           Power      Damage    Failure   Level
 Inner Flame              Hex/Fire       4%         N/A       43%         3
 Portal Projectile        Hex/Tloc       8%         N/A       43%         3
 Cause Fear               Hex            3%         N/A       67%         4

Inventory:

Hand Weapons
 Y - a +1 sling (weapon)
Armour
 c - a +0 robe (worn)
Scrolls
 g - a scroll of identify
Potions
 d - a potion of curing {unknown}

Dungeon Overview and Level Annotations

Branches:
Dungeon (3/15)

Altars:
The Shining One


Message History

You shoot a sling bullet. The sling bullet hits the orc.
The orc is moderately wounded.
You hear some strange, mumbled words.
A puff of flame appears from out of thin air!
Deactivating autopickup; reactivate with Ctrl-A.
The puff of flame hits you. The orc hits you with a +0 whip.
The orc barely misses you.
You shoot a sling bullet. The sling bullet hits the orc.
The orc is almost dead.
You hear some strange, mumbled words.
A magic dart appears from out of thin air!
The magic dart hits you. The orc closely misses you.
The orc hits you with a +0 hand axe. Something hits you but does no damage.
The orc barely misses you. x2
You shoot a sling bullet. The sling bullet hits the orc.
You kill the orc!
Something hits you but does no damage. The orc hits you with a +0 hand axe.
You shoot a sling bullet.
The sling bullet closely misses the orc.
The sling bullet misses the frilled lizard.
Something hits you. The orc hits you with a +0 hand axe.
You shoot a sling bullet.
The sling bullet hits the orc but does no damage.
Something hits you. The orc hits you with a +0 hand axe.
You shoot a sling bullet.
The sling bullet hits the orc but does no damage.
Something hits you. The orc barely misses you.
You shoot a sling bullet.
The sling bullet closely misses the orc.
The sling bullet hits the frilled lizard.
You kill the frilled lizard!
Something barely misses you. The orc hits you but does no damage.
Something hits you but does no damage. The orc misses you.
You shoot a sling bullet.
The sling bullet hits the orc but does no damage.
Something hits you but does no damage. The orc hits you with a +0 hand axe.
You shoot a sling bullet.
The sling bullet hits the orc but does no damage.
Something hits you but does no damage. The orc hits you with a +0 hand axe.
You die...

#..##...#¤# #..##.#.#..#..#.###
#..##...#¤#####..................
...###.¤¤¤¤...##.#....##.........
##.###.#¤¤¤¤..##.#....##.########
.......#..¤¤...#.#....##.########
##.###.#.......#.#...............
.......#.........#...###+###.##..
##.#####......##o###..........#..
#.# #.......)@# #..........##.
#.# #......##{# #..........##.
##.#####......##.###..........'..
........####.#................###
........<# #.....#.#..........#
.........# #...#.#.#..........###
.........# #.....................
.........###.#.#.#.##..........##
..##.###.........#.##..........##


You could see an orc.

Vanquished Creatures
  3 adders (D:2)
  A worm (D:2)
  2 orcs
  3 endoplasms (D:1)
  2 giant cockroaches (D:2)
  3 hobgoblins
  3 jackals (D:1)
  6 kobolds
  6 ball pythons
  5 bats
  4 frilled lizards
  2 goblins
  A rat (D:1)
41 creatures vanquished.

Notes
Turn   | Place    | Note
-------+----------+-------------------------------------------
     0 | D:1      | qw the Gargoyle Hexslinger began the quest for the Orb.
     0 | D:1      | Reached XP level 1. HP: 12/12 MP: 2/2
     0 | D:1      | 0 ||| qw: Version: 0.3-a-52-g30416fa
     0 | D:1      | 0 ||| qw: Game counter: 4934
     0 | D:1      | 0 ||| qw: Melee chars always use a shield: true
     0 | D:1      | 0 ||| qw: God list: Okawaru
     0 | D:1      | 0 ||| qw: Allow faded altars: false
     0 | D:1      | 0 ||| qw: Do Orc after clearing Dungeon:15 true
     0 | D:1      | 0 ||| qw: Do second Lair branch before Depths: true
     0 | D:1      | 0 ||| qw: Lair rune preference: random
     0 | D:1      | 0 ||| qw: Goals: Normal
     0 | D:1      | 0 ||| PLANNING D:1-11
    69 | D:1      | Reached XP level 2. HP: 16/16 MP: 3/3
   186 | D:1      | Reached skill level 3 in Ranged Weapons
   386 | D:1      | Reached XP level 3. HP: 19/21 MP: 4/4
   569 | D:1      | 569 ||| DROPPING scroll of poison.
   853 | D:2      | Found a glowing golden altar of the Shining One.
  1057 | D:2      | Reached XP level 4. HP: 26/26 MP: 5/5
  1060 | D:2      | Reached skill level 4 in Ranged Weapons
  1317 | D:2      | 1317 ||| DROPPING scarf of invisibility.
  1318 | D:2      | 1318 ||| READING 2 scrolls labelled JABLIU GASHRAL.
  1319 | D:2      | 1319 ||| READING scroll labelled HIPAZX CODYI.
  1320 | D:2      | 1320 ||| READING 2 scrolls labelled OXUASE DOSEH.
  1321 | D:2      | 1321 ||| DROPPING scroll of blinking.
  1333 | D:3      | 1333 ||| STAIRDANCE
  1341 | D:2      | HP: 5/26 [something (2)]
  1343 | D:2      | HP: 2/26 [orc/+0 hand axe (4)]
  1344 | D:2      | Slain by an orc

Levels and vault maps discovered:
D:1:      dpeg_arrival_windows_large_door, layout_basic, minmay_tiny_reverse_x
D:2:      layout_basic, basic_altar
D:3:      layout_loops_ring, serial_glass, glass_columns_c, glass_columns_b,
          feat_on_display, minmay_strange_pillars, uniq_sigmund

Skill      XL: |  1  2  3  4 |
---------------+-------------+-----
Ranged Weapons | 3 4 |  4.1
Fighting       | 2 |  2.0
Dodging        | |  1.5
Spellcasting   | |  1.0
Hexes          | |  2.6

Action                     |  1- 3 |  4- 6 || total
---------------------------+-------+-------++-------
   Fire: Sling             |   107 |    16 ||   123
    Use: Scroll            |       |     3 ||     3
 Armour: Robe              |    19 |    11 ||    30
  Dodge: Dodged            |    33 |    11 ||    44

Table legend:
 A = Non-vault XP
 B = Vault XP
 C = Vault XP percentage of total XP
 D = Non-vault monster count
 E = Vault monster count
 F = Vault count percentage of total count
                 A         B        C        D         E       F
            +---------+---------+-------+---------+---------+-------
      Total |     101 |       3 |   2.9 |      39 |       2 |   4.9
            +---------+---------+-------+---------+---------+-------
        D:1 |      33 |       3 |   8.3 |      21 |       2 |   8.7
        D:2 |      65 |       0 |   0.0 |      17 |       0 |   0.0
        D:3 |       3 |       0 |   0.0 |       1 |       0 |   0.0
            +---------+---------+-------+---------+---------+-------
